AoeStats
← Toan

Pilgrims

509074680Analyzed
2v2 RM · 5d ago on Sep 25, 2026· 35m 38s· 4 players
Game mode
Random Map
Map size
Medium (4 player)
Population
200
Speed
Normal
Resources
Standard
Victory
Conquest
Starting age
Dark Age
Ending age
Imperial Age
RankedLock teamsTeams togetherTeam positionsShared explorationLock speedFull tech treeHidden civsTurbo modeCheats
Victory
Defeat
🇨🇳 Mongols · China
1072
+15
🇨🇳 Vietnamese · China
1015
+48
🇷🇺 Danes · Russia
1041
-16
🇷🇺 Bulgarians · Russia
1038
-16
Toan
7:00 Loom
9:24 Feudal Age
11:16 Double-Bit Axe
14:40 Wheelbarrow
17:25 Castle Age
16:09 Forging
16:02 Scale Mail Armor
16:00 Horse Collar
17:36 Fletching
18:55 Chain Mail Armor
22:02 Gambesons
29:59 Husbandry
33:12 Bloodlines
33:20 Padded Archer Armor
33:33 Scale Barding Armor
Treyk
5:20 Loom
13:09 Feudal Age
13:51 Arson
16:22 Forging
18:39 Fletching
22:09 Castle Age
26:31 Double-Bit Axe
32:14 Bow Saw
犹豫就会败北
4:21 Loom
11:38 Feudal Age
16:09 Castle Age
17:14 Fletching
17:25 Padded Archer Armor
18:20 Bodkin Arrow
18:47 Double-Bit Axe
19:46 Stone Mining
19:49 Gold Mining
20:13 Bow Saw
22:24 Wheelbarrow
25:39 Gold Shaft Mining
28:38 Imperial Age
27:37 Ballistics
27:13 Murder Holes
27:13 Horse Collar
29:12 Leather Archer Armor
29:44 Stone Shaft Mining
30:14 Bracer
31:21 Chemistry
31:20 Conscription
35:12 Parthian Tactics
34:52 Thumb Ring
34:34 Elite Mangudai
stewie
4:15 Loom
13:40 Feudal Age
14:09 Town Watch
15:00 Wheelbarrow
14:41 Gold Mining
14:41 Stone Mining
14:35 Horse Collar
15:34 Double-Bit Axe
17:48 Man-at-Arms
22:23 Castle Age
24:03 Hand Cart
24:42 Medium Warships
24:42 Town Patrol
26:09 Bow Saw
27:40 Stone Shaft Mining
27:35 Caravan
27:37 Fishing Lines
29:24 Murder Holes
29:10 Treadmill Crane
31:34 Heavy Plow
36:54 Imperial Age
Connection lost

Rejoining the realm…

Still unreachable

The connection could not be restored.

Session expired

The server has moved on; the page needs a fresh start.